 Dungeon Crawl Stone Soup version 0.25-a0-346-g140ab784a8 (webtiles) character file.

Game seed: 12624612963920744137, levelgen mode: deterministic

591 PentaManta the Bolt Thrower (level 7, -4/40 HPs)
             Began as a Kobold Hunter on Jan 1, 2020.
             Slain by an orc warrior
             ... wielding a +0 short sword of draining
              (18 damage)
             ... on level 5 of the Dungeon.
             The game lasted 00:11:45 (4921 turns).

PentaManta the Bolt Thrower (Kobold Hunter)         Turns: 4921, Time: 00:11:46

Health: -4/40      AC:  4    Str: 11    XL:     7   Next: 66%
Magic:  7/7        EV: 16    Int: 13    God:
Gold:   223        SH:  0    Dex: 15    Spells: 6/6 levels left

rFire    . . .     SeeInvis .   a - +1 hand crossbow
rCold    . . .     Gourm    .   (shield restricted)
rNeg     . . .     Faith    .   c - +1 leather armour
rPois    .         Spirit   .   (no helmet)
rElec    .         Reflect  .   (no cloak)
rCorr    .         Harm     .   (no gloves)
MR       .....                  (no boots)
Stlth    +++.......             (no amulet)
HPRegen  0.13/turn              (no ring)
MPRegen  0.10/turn              (no ring)

@: drained
A: small, carnivore
a: no special abilities


You were on level 5 of the Dungeon.
You were not hungry.

You visited 1 branch of the dungeon, and saw 6 of its levels.

You collected 223 gold pieces.

Inventory:

Hand Weapons
 a - a +1 hand crossbow (weapon)
 q - a +3 whip
 t - a +0 arbalest
 u - a +1 hunting sling of freezing
Missiles
 d - 32 bolts (quivered)
 e - 52 stones
 m - 15 poisoned darts
 p - 44 sling bullets
 v - 3 datura-tipped darts
 x - 2 atropa-tipped darts
Armour
 c - a +1 leather armour (worn)
Jewellery
 h - an uncursed ring of fire
Wands
 s - a wand of scattershot (2)
Scrolls
 b - 2 scrolls of remove curse
 j - 2 scrolls of enchant weapon
 l - a scroll of enchant armour
 n - 2 scrolls of magic mapping
 y - 4 scrolls of teleportation
 z - a scroll of amnesia
 A - a scroll of fear {unknown}
 B - a scroll of blinking {unknown}
Potions
 g - a potion of haste
 k - 4 potions of berserk rage {unknown}
 o - 3 potions of mutation
 r - 3 potions of agility
 w - a potion of lignification {unknown}
Comestibles
 f - 6 rations


   Skills:
 - Level 2.1(1.5) Fighting
 + Level 3.1(2.4) Slings
 + Level 6.8(6.1) Crossbows
 + Level 5.2(4.5) Dodging
 + Level 5.7(5.0) Stealth


You had 6 spell levels left.
You didn't know any spells.
Your spell library was empty.

Dungeon Overview and Level Annotations

Branches:
Dungeon (6/15)
 Temple: D:4-7

Altars:
Cheibriados
Elyvilon
Fedhas
Gozag
Kikubaaqudgha

Shops:
D:5 }


Innate Abilities, Weirdness & Mutations

You are small and have problems with some larger weapons.
You are carnivorous and can eat meat at any time.


Message History

The orc warrior barely misses you.
Firing (i - inventory. (/) - cycle)
d - 34 bolts (quivered)
Press: ? - help, Shift-Dir - straight line, f/p - orc warrior
Aim: an orc warrior, wielding a +0 short sword of draining and wearing a +0 chain mail (severely wounded)
You shoot a bolt. The bolt hits the orc warrior.
The orc warrior is almost dead.
The orc warrior hits you with a +0 short sword of draining!
* * * LOW HITPOINT WARNING * * *
You feel drained.
* * * LOW HITPOINT WARNING * * *
You feel better. The orc warrior barely misses you.
Okay, then.
Firing (i - inventory. (/) - cycle)
d - 33 bolts (quivered)
Press: ? - help, Shift-Dir - straight line, f/p - orc warrior
Aim: an orc warrior, wielding a +0 short sword of draining and wearing a +0 chain mail (almost dead)
You shoot a bolt.
The bolt closely misses the orc warrior.
The orc warrior closely misses you.
The orc warrior hits you with a +0 short sword of draining!!
You die...

#.# #......# #.###.#...#
#.# ######(# #...#.#####
#.# ######.######.#.#.#####
#.# #...............#......
#.####.###.######........##
#.##...###>................
#.##......(######........##
##.########o# #######รท##
#.........#@# #.#
#########.#.# #.# #.#.# #.#
#.#.# #.# #.#.# #.# #.#.#
#.### #.#.######### #.##.
#.#.........####.##.
#.#..............##.


You could see an orc warrior.

Vanquished Creatures
  A scorpion (D:4)
  A crimson imp (D:5)
  A centaur zombie (D:5)
  A bullfrog skeleton (D:6)
  A hound (D:4)
  An orc priest (D:3)
  An orc wizard (D:5)
  2 iguanas
  Ijyb (D:4)
  2 worker ants (D:4)
  Robin (D:4)
  A gnoll (D:1)
  8 adders
  An ooze (D:1)
  3 worms
  2 dart slugs (D:1)
  2 leopard geckos
  14 orcs
  A ball python (D:4)
  7 giant cockroaches
  16 goblins
  14 hobgoblins
  6 jackals
  5 kobolds
  3 quokkas
  5 bats
  6 frilled lizards
  A jackal skeleton (D:5)
  7 rats
115 creatures vanquished.

Notes
Turn   | Place    | Note
-------+----------+-------------------------------------------
     0 | D:1      | PentaManta the Kobold Hunter began the quest for the Orb.
     0 | D:1      | Reached XP level 1. HP: 12/12 MP: 1/1
    94 | D:1      | Reached skill level 5 in Crossbows
    94 | D:1      | Reached XP level 2. HP: 17/17 MP: 2/2
   220 | D:1      | Reached XP level 3. HP: 8/21 MP: 3/3
   672 | D:1      | Reached XP level 4. HP: 26/26 MP: 4/4
  1730 | D:2      | Noticed a black bear
  2151 | D:3      | Found an ancient bone altar of Kikubaaqudgha.
  2151 | D:3      | Found a blossoming altar of Fedhas.
  2151 | D:3      | Found a white marble altar of Elyvilon.
  2321 | D:3      | Reached skill level 1 in Slings
  2321 | D:3      | Reached XP level 5. HP: 26/30 MP: 5/5
  2739 | D:4      | Noticed Robin
  2749 | D:4      | Reached XP level 6. HP: 23/35 MP: 6/6
  2756 | D:4      | Killed Robin
  2756 | D:4      | Reached skill level 6 in Crossbows
  3104 | D:4      | Noticed Ijyb
  3128 | D:4      | Killed Ijyb
  3537 | D:4      | Reached skill level 5 in Stealth
  3537 | D:4      | Reached XP level 7. HP: 30/40 MP: 7/7
  3939 | D:5      | Entered Level 5 of the Dungeon
  4181 | D:5      | Found a snail-covered altar of Cheibriados.
  4227 | D:5      | Reached skill level 5 in Dodging
  4445 | D:5      | Found an opulent altar of Gozag.
  4631 | D:5      | Found Toroagh's Gadget Boutique.
  4921 | D:5      | Slain by an orc warrior

Levels and vault maps discovered:
D:1:      dpeg_arrival_pits, layout_loops_ring, minmay_quantized
D:2:      layout_loops_corners, first_ration, minmay_small_reverse_x
D:3:      layout_rooms, chequers_temple_overflow_statue_of_worship
D:4:      layout_rooms, minmay_fractal_squares_gapless_5, uniq_robin, uniq_ijyb
D:5:      layout_basic, grunt_gozag_statues, basic_altar, serial_shops,
          nicolae_shop_behind_doors
D:6:      layout_loops_corners, grunt_temple_overflow_holy_war,
          minmay_temple_entry_hall

Skill      XL: |  1  2  3  4  5  6  7 |
---------------+----------------------+-----
Crossbows      | 5 6 |  6.8
Stealth        | 2 3 4 5 |  5.7
Dodging        | 3 4 5 |  5.2
Slings         | 1 2 3 |  3.1
Fighting       | |  2.1

Action                   |  1- 3 |  4- 6 |  7- 9 || total
-------------------------+-------+-------+-------++-------
 Fire: Hand crossbow     |    56 |    43 |    16 ||   115
       Hunting sling     |       |   176 |   116 ||   292
Throw: Dart              |       |    13 |       ||    13
  Use: Scroll            |       |    11 |     1 ||    12
       Potion            |       |     2 |     2 ||     4
  Eat: Chunk             |       |     5 |     6 ||    11
       Ration            |       |     1 |       ||     1
Armor: Leather armour    |     2 |    29 |    14 ||    45
Dodge: Dodged            |    18 |   116 |    63 ||   197

Table legend:
 A = Non-vault XP
 B = Vault XP
 C = Vault XP percentage of total XP
 D = Non-vault monster count
 E = Vault monster count
 F = Vault count percentage of total count
                 A         B        C        D         E       F
            +---------+---------+-------+---------+---------+-------
      Total |     726 |     119 |  14.1 |      90 |      25 |  21.7
            +---------+---------+-------+---------+---------+-------
        D:1 |      47 |      24 |  33.8 |      22 |       6 |  21.4
        D:2 |      13 |      18 |  58.1 |       5 |       4 |  44.4
        D:3 |     116 |       0 |   0.0 |      27 |       0 |   0.0
        D:4 |     278 |      77 |  21.7 |      18 |      15 |  45.5
        D:5 |     214 |       0 |   0.0 |      11 |       0 |   0.0
        D:6 |      58 |       0 |   0.0 |       7 |       0 |   0.0
            +---------+---------+-------+---------+---------+-------
